 Dungeon Crawl Stone Soup version 0.21.1-1-g345015fe64 (webtiles) character file.

126 Peloso the Shield-Bearer (level 4, -3/41 HPs)
             Began as a Minotaur Fighter on Mar 24, 2018.
             Slain by asdpro's ghost (14 damage)
             ... on level 3 of the Dungeon.
             The game lasted 00:03:30 (1866 turns).

Peloso the Shield-Bearer (Minotaur Fighter)         Turns: 1866, Time: 00:03:30

Health: -3/41      AC:  9    Str: 25    XL:     4   Next: 84%
Magic:  3/3        EV:  6    Int:  5    God:
Gold:   144        SH: 10    Dex: 11    Spells: 3/3 levels left

rFire    . . .     SeeInvis .   a - +0 long sword
rCold    . . .     Gourm    .   c - +0 shield
rNeg     . . .     Faith    .   b - +0 chain mail
rPois    .         Spirit   .   (helmet restricted)
rElec    .         Reflect  .   (no cloak)
rCorr    .         Harm     .   (no gloves)
MR       .....                  (no boots)
Stlth    ..........             (no amulet)
HPRegen  0.13/turn              (no ring)
MPRegen  0.08/turn              (no ring)

@: mighty
A: retaliatory headbutt, horns 2
a: no special abilities


You were on level 3 of the Dungeon.
You were not hungry.

You visited 1 branch of the dungeon, and saw 3 of its levels.

You collected 144 gold pieces.

Inventory:

Hand Weapons
 a - a +0 long sword (weapon)
 i - a +1 dagger of speed
Armour
 b - a +0 chain mail (worn)
 c - a +0 shield (worn)
Scrolls
 e - 3 scrolls of identify {unknown}
 h - 3 scrolls of remove curse {unknown}
 n - a scroll of noise {unknown}
 o - a scroll of teleportation {unknown}
Potions
 g - 2 potions of curing {unknown}
 j - a potion of haste {unknown}
 l - a potion of magic {unknown}
 m - a potion of mutation {unknown}
Comestibles
 f - 5 rations


   Skills:
 + Level 4.3 Fighting
 + Level 3.8 Long Blades
 + Level 4.5 Armour
 + Level 0.5 Dodging
 + Level 4.7 Shields


You had 3 spell levels left.
You didn't know any spells.

Dungeon Overview and Level Annotations

Branches:
Dungeon (3/15)

Altars:
Fedhas
Makhleb
Nemelex Xobeh

Annotations:
D:3 asdpro's ghost, amateur MiFi


Innate Abilities, Weirdness & Mutations

You reflexively headbutt those who attack you in melee.
You have a pair of horns on your head.


Message History

All of the chunks of flesh in your inventory have rotted away.
HP restored.
You climb downwards.
Level annotation: asdpro's ghost, amateur MiFi Asdpro's ghost hits you.
There is a stone staircase leading up, spattered with blood here.
You feel very mighty all of a sudden. Asdpro's ghost hits you.
You slice asdpro's ghost!!
Asdpro's ghost is heavily damaged.
Asdpro's ghost hits you!
You barely miss asdpro's ghost.
Asdpro's ghost is heavily damaged.
Asdpro's ghost hits you!
* * * LOW HITPOINT WARNING * * *
Asdpro's ghost hits you but does no damage.
You closely miss asdpro's ghost.
Asdpro's ghost is heavily damaged.
Asdpro's ghost hits you!
You die...

..............#
#.#......
..............###....#
......)[...........###
......#.........†###
.......#.........#
.................#
...............>.# ####
...>............###....
>...............@#..#
...............W...#
.................###
..........).#
............#
..##.....#### ##
#######


You could see asdpro's ghost.

Vanquished Creatures
  Jessica (D:3)
  3 adders (D:2)
  2 worms (D:2)
  A dart slug (D:2)
  3 leopard geckos
  A ball python (D:2)
  6 bats
  4 giant cockroaches
  11 goblins
  9 hobgoblins
  7 kobolds
  2 quokkas
  4 frilled lizards
  5 rats
59 creatures vanquished.

Notes
Turn   | Place    | Note
-------+----------+-------------------------------------------
     0 | D:1      | Peloso the Minotaur Fighter began the quest for the Orb.
     0 | D:1      | Reached XP level 1. HP: 19/19 MP: 0/0
    60 | D:1      | Reached XP level 2. HP: 13/27 MP: 1/1
   700 | D:2      | Found a sparkling altar of Nemelex Xobeh.
   768 | D:2      | Reached XP level 3. HP: 29/33 MP: 2/2
   947 | D:2      | Found a burning altar of Makhleb.
  1034 | D:2      | Found a blossoming altar of Fedhas.
  1157 | D:2      | Reached XP level 4. HP: 23/40 MP: 3/3
  1535 | D:3      | Noticed Jessica
  1547 | D:3      | Killed Jessica
  1569 | D:3      | Noticed asdpro's ghost (amateur MiFi)
  1866 | D:3      | Slain by asdpro's ghost

Skill      XL: |  1  2  3 |
---------------+----------+-----
Shields        | 4 |  4.7
Fighting       | 4 |  4.3
Armour         | 4 |  4.5
Long Blades    | 3 |  3.8
Dodging        | |  0.5

Action                   |  1- 3 |  4- 6 || total
-------------------------+-------+-------++-------
Melee: Long sword        |   116 |    44 ||   160
       Headbutt          |    16 |     9 ||    25
  Use: Potion            |       |     1 ||     1
  Eat: Chunk             |     1 |     2 ||     3
Armor: Scale mail        |    20 |       ||    20
       Chain mail        |    39 |    16 ||    55
Dodge: Dodged            |    36 |     8 ||    44
Block: Shield            |    63 |    36 ||    99
       Rpst.: Long sword |    10 |     3 ||    13
